 Seeded DCSS version 0.28.0-47-ge53b351184 (webtiles) character file.

Game seed: 523019199727972820 (custom seed)

4512 thiscave3701365 the Cleaver (level 10, -3/129 HPs)
             Began as a Minotaur Berserker on May 9, 2022.
             Was a Priest of Trog.
             Slain by a ten-headed hydra (13 damage)
             ... on level 8 of the Dungeon.
             The game lasted 00:07:19 (10864 turns).

thiscave3701365 the Cleaver (Minotaur Berserker)   Turns: 10864, Time: 00:07:20

Health: -3/129     AC: 20    Str: 26    XL:     10   Next: 16%
Magic:  9/9        EV:  2    Int:  4    God:    Trog [***...]
Gold:   999        SH: 12    Dex: 10    Spells: 9/9 levels left

rFire   . . .      SeeInvis .   i - +0 war axe
rCold   . . .      Faith    .   D - +0 tower shield
rNeg    . . .      Spirit   .   C - +0 crystal plate armour
rPois   .          Reflect  .   (helmet restricted)
rElec   .          Harm     .   (no cloak)
rCorr   .          Rampage  .   (no gloves)
Will    .....                   (no boots)
Stlth   ..........              (no amulet)
HPRegen 0.31/turn               (no ring)
MPRegen 0.11/turn               (no ring)

@: berserking, very quick
A: horns 2, retaliatory headbutt
a: Renounce Religion, Berserk, Trog's Hand


You were on level 8 of the Dungeon.
You worshipped Trog.
Trog was most pleased with you.
You visited 1 branch of the dungeon, and saw 8 of its levels.

You collected 999 gold pieces.

Inventory:

Hand Weapons
 i - a +0 war axe (weapon)
Missiles
 k - 2 throwing nets
Armour
 C - a +0 crystal plate armour (worn)
 D - a +0 tower shield (worn)
Jewellery
 b - an amulet of guardian spirit
 h - an amulet of faith
 j - a ring of poison resistance
 y - a ring of resist corrosion
 z - an amulet of regeneration
Wands
 s - a wand of polymorph (1)
 u - a wand of paralysis (9)
 A - a wand of flame (23)
Scrolls
 c - a scroll of fog
 d - 3 scrolls of teleportation
 l - a scroll of magic mapping {unknown}
 m - a scroll of silence {unknown}
 n - 2 scrolls of blinking
 o - a scroll of vulnerability
 r - a scroll of identify
 v - 2 scrolls of summoning
Potions
 a - 2 potions of cancellation {unknown}
 e - 3 potions of curing
 f - a potion of berserk rage
 g - a potion of resistance
 p - 2 potions of invisibility
 q - 2 potions of might
 t - a potion of heal wounds
 w - a potion of lignification
 x - a potion of mutation {unknown}


   Skills:
 + Level 7.4 Fighting
 + Level 12.7 Axes
 + Level 9.4 Armour
 + Level 3.8 Dodging
 + Level 1.5 Stealth
 + Level 4.4 Shields


You had 9 spell levels left.
You didn't know any spells.
Your spell library was empty.

Dungeon Overview and Level Annotations

Branches:
Dungeon (8/15)             Temple (0/1) D:4
   Lair: D:8-11

Altars:
Ashenzari
Nemelex Xobeh

Shops:
D:7 *

Annotations:
D:3 3 runed translucent doors, Xolotl's ghost, weakling DsHu


Innate Abilities, Weirdness & Mutations

You have a pair of horns on your head.
You reflexively headbutt those who attack you in melee.


Message History

You feel yourself moving faster!
You feel mighty!
The eight-headed hydra bites you but does no damage.
You block the eight-headed hydra's attack.
The eight-headed hydra bites you but does no damage. x2
The eight-headed hydra bites you.
The eight-headed hydra bites you but does no damage. x3
You barely miss the eight-headed hydra.
The eight-headed hydra is lightly wounded.
You barely miss the eight-headed hydra.
The eight-headed hydra is lightly wounded.
You block the eight-headed hydra's attack. x3
The eight-headed hydra bites you but does no damage. x2
You block the eight-headed hydra's attack.
The eight-headed hydra bites you but does no damage.
The eight-headed hydra bites you!
* * * LOW HITPOINT WARNING * * *
You lop one of the eight-headed hydra's heads off!
The seven-headed hydra grows two more!
You slash the nine-headed hydra! You headbutt the nine-headed hydra!
The nine-headed hydra is moderately wounded.
The nine-headed hydra bites you but does no damage.
The nine-headed hydra bites you!
* * * LOW HITPOINT WARNING * * *
The nine-headed hydra bites you.
* * * LOW HITPOINT WARNING * * *
The nine-headed hydra bites you but does no damage. x3
You block the nine-headed hydra's attack.
The nine-headed hydra completely misses you.
You block the nine-headed hydra's attack.
You lop one of the nine-headed hydra's heads off!
The eight-headed hydra grows two more!
You slash the ten-headed hydra!
The ten-headed hydra is heavily wounded.
The ten-headed hydra bites you.
* * * LOW HITPOINT WARNING * * *
You block the ten-headed hydra's attack.
The ten-headed hydra bites you but does no damage.
You block the ten-headed hydra's attack.
The ten-headed hydra bites you but does no damage.
The ten-headed hydra bites you!
You die...

#..# #.#
#.....#
#.#####..##
#..## #..#
##..###..#
##..#####
##..#######
##.......#
#####.......#
#......@....#
#....(.D....#
#...........#
#...........#
#...........#
#.....(....$#
#....########
#....


You could see a ten-headed hydra.

Vanquished Creatures
  A two-headed ogre (D:8)
  Grinder (D:5)
  5 yaks (D:8)
  A steam dragon (D:6)
  Menkaure (D:5)
  2 orc warriors
  A black bear (D:8)
  A sky beast (D:7)
  A necrophage (D:6)
  4 ogres
  A centaur (D:8)
  A phantom (D:4)
  2 kobold brigands
  A bullfrog (D:7)
  A wyvern zombie (D:6)
  4 scorpions
  A wyvern skeleton (D:6)
  9 wights
  A howler monkey (D:4)
  A centaur zombie (D:6)
  2 orc priests
  2 gnoll shamans
  A jelly (D:6)
  3 hounds
  5 iguanas
  Ijyb (D:4)
  7 orc wizards
  A hound zombie (D:5)
  A hound skeleton (D:4)
  6 gnolls
  8 adders
  A white imp (D:7)
  An ufetubus (D:5)
  An adder skeleton (D:4)
  3 worms
  A dart slug (D:4)
  22 orcs
  12 endoplasms
  3 giant cockroaches
  4 goblins
  5 hobgoblins
  6 quokkas
  8 ball pythons
  6 bats
  A frilled lizard (D:1)
  15 kobolds
  8 rats
174 creatures vanquished.

Vanquished Creatures (others)
  8 plants (D:5)
8 creatures vanquished.

Grand Total: 182 creatures vanquished

Notes
Turn   | Place    | Note
-------+----------+-------------------------------------------
     0 | D:1      | thiscave3701365 the Minotaur Berserker began the quest for
                  | the Orb.
     0 | D:1      | Reached XP level 1. HP: 19/19 MP: 0/0
   384 | D:1      | Reached XP level 2. HP: 27/27 MP: 1/1
   672 | D:1      | Reached skill level 4 in Axes
   839 | D:1      | Found a faded altar of an unknown god.
  1341 | D:2      | Reached XP level 3. HP: 26/33 MP: 2/2
  1977 | D:2      | Found a broken altar of Ashenzari.
  1983 | D:2      | Reached ** piety under Trog
  2505 | D:3      | Reached XP level 4. HP: 34/40 MP: 3/3
  2816 | D:3      | Found a runed translucent gate.
  2832 | D:3      | Found a runed translucent gate.
  2832 | D:3      | Found a runed translucent gate.
  2866 | D:3      | Noticed Xolotl's ghost (weakling DsHu)
  3630 | D:4      | Reached skill level 5 in Axes
  3630 | D:4      | Reached XP level 5. HP: 26/47 MP: 4/4
  3861 | D:4      | Noticed a phantom
  3867 | D:4      | Killed a phantom
  3868 | D:4      | Reached skill level 1 in Stealth
  3949 | D:4      | Noticed Ijyb
  3960 | D:4      | Killed Ijyb
  3961 | D:4      | Reached XP level 6. HP: 55/55 MP: 5/5
  4017 | D:4      | Reached skill level 5 in Fighting
  4017 | D:4      | Reached skill level 6 in Axes
  4228 | D:4      | Found a staircase to the Ecumenical Temple.
  4753 | D:4      | Reached XP level 7. HP: 60/61 MP: 6/6
  4881 | D:5      | Entered Level 5 of the Dungeon
  4887 | D:5      | Reached skill level 7 in Axes
  5022 | D:5      | Noticed Menkaure
  5029 | D:5      | Reached *** piety under Trog
  5031 | D:5      | Killed Menkaure
  5032 | D:5      | Reached skill level 8 in Axes
  5051 | D:5      | Reached skill level 9 in Axes
  5457 | D:5      | Noticed Grinder
  5475 | D:5      | Killed Grinder
  5476 | D:5      | Reached skill level 10 in Axes
  5476 | D:5      | Reached XP level 8. HP: 68/68 MP: 7/7
  6451 | D:6      | Reached skill level 5 in Armour
  6935 | D:6      | Reached skill level 11 in Axes
  7914 | D:7      | Reached XP level 9. HP: 75/75 MP: 8/8
  8696 | D:7      | Reached skill level 1 in Shields
  9084 | D:7      | Found a sparkling altar of Nemelex Xobeh.
  9126 | D:7      | Found Poej's Elemental Accessories.
  9366 | D:7      | Identified a scroll of acquirement
  9366 | D:7      | Acquired 576 gold pieces
  9423 | D:8      | Noticed a two-headed ogre
  9432 | D:8      | Killed a two-headed ogre
  9433 | D:8      | Reached skill level 12 in Axes
 10563 | D:8      | Reached XP level 10. HP: 86/86 MP: 9/9
 10854 | D:8      | Noticed a seven-headed hydra
 10864 | D:8      | Slain by a ten-headed hydra

Illustrated notes

Levels and vault maps discovered:
D:1:      minmay_arrival_floating_metal, layout_loops_corners,
          shapermc_ecumenical_altar_notcrosses, minivault_11
D:2:      layout_basic, basic_altar
D:3:      layout_basic, gammafunk_ghost_icy
D:4:      minmay_chambers_of_twos, layout_loops_cross,
          minmay_temple_entry_fiery, minmay_fractal_squares_5, uniq_ijyb
D:5:      layout_rooms, serial_bayou_lagoon_a, uniq_grinder, uniq_menkaure
D:6:      layout_loops_ring, grunt_decor_fettered, kennysheep_small_circle
D:7:      layout_loops_ring, mainiacjoe_overflow_small_starburst,
          nicolae_elemental_shop
D:8:      layout_rooms

Skill      XL: |  1  2  3  4  5  6  7  8  9 10 |
---------------+-------------------------------+-----
Fighting       | 4 5 6 7 |  7.4
Axes           | 4 5 6 10 11 12 | 12.7
Armour         | 3 4 6 9 |  9.4
Dodging        | 3 |  3.8
Stealth        | 1 |  1.5
Shields        | 3 4 |  4.4

Action                   |  1- 3 |  4- 6 |  7- 9 | 10-12 || total
-------------------------+-------+-------+-------+-------++-------
Melee: Hand axe          |    66 |   128 |   185 |       ||   379
       Headbutt          |    11 |    30 |    60 |     3 ||   104
       Punch             |       |     3 |     1 |       ||     4
       War axe           |       |       |    61 |    15 ||    76
Invok: Berserk           |       |     2 |    16 |     1 ||    19
  Use: Scroll            |       |       |    15 |       ||    15
 Stab: Sleeping          |     1 |       |       |       ||     1
Armor: Animal skin       |    10 |     3 |       |       ||    13
       Chain mail        |       |    45 |    24 |       ||    69
       Crystal plate arm |       |       |    92 |    33 ||   125
Dodge: Dodged            |    38 |    63 |    48 |     1 ||   150
Block: Tower shield      |       |       |    83 |    18 ||   101
